 Dungeon Crawl Stone Soup version 0.30-a0-377-g5cb311bc9f (webtiles) character file.

Game seed: 4036322562482795558

23 qeuew the Trooper (level 2, -9/24 HPs)
             Began as a Demonspawn Chaos Knight on Nov 30, 2022.
             Was a Plaything of Xom.
             Mangled by a blink frog (shapeshifter) (12 damage)
             ... on level 2 of the Dungeon.
             The game lasted 00:01:16 (574 turns).

qeuew the Trooper (Demonspawn Chaos Knight)          Turns: 574, Time: 00:01:17

Health: -9/24      AC:  5    Str: 12    XL:     2   Next: 72%
Magic:  2/2        EV: 11    Int: 13    God:    Xom [..*...]
Gold:   47         SH:  0    Dex: 12    Spells: 1/1 levels left

rFire   . . .      SeeInvis .    a - +0 hand axe (chaos)
rCold   . . .      Faith    .    (no shield)
rNeg    . . .      Spirit   .    b - +2 leather armour
rPois   .          Reflect  .    (no helmet)
rElec   .          Harm     .    (no cloak)
rCorr   .          Rampage  .    (no gloves)
Will    .....                    (no boots)
Stlth   +.........               (no amulet)
HPRegen 0.24/turn                (no ring)
MPRegen 0.08/turn                (no ring)

@: no status effects
A: weakness stinger 1, mutation resistance 1
a: Renounce Religion


You were on level 2 of the Dungeon.
You worshipped Xom.
You were a toy of Xom.
You visited 1 branch of the dungeon, and saw 2 of its levels.

You collected 47 gold pieces.

Inventory:

Hand Weapons
 a - a +0 hand axe of chaos (weapon)
Armour
 b - a +2 leather armour (worn)
Scrolls
 d - a scroll of blinking
Miscellaneous
 c - a piece from Xom's chessboard (15/15) (quivered)


   Skills:
 + Level 3.2 Fighting
 + Level 2.9 Axes
 + Level 2.1 Armour
 + Level 1.4 Dodging


You had one spell level left.
You didn't know any spells.
Your spell library contained the following spells:

 Spells                   Type           Power      Damage    Failure   Level
 Cigotuvi's Dreadful Rot  Necr/Pois/Air  0%         N/A       52%         2
 Poisonous Vapours        Pois/Air       0%         N/A       52%         2
 Mephitic Cloud           Conj/Pois/Air  0%         N/A       75%         3


Dungeon Overview and Level Annotations

Branches:
Dungeon (2/15)

Altars:


Innate Abilities, Weirdness & Mutations

You have a small tail.
You are somewhat resistant to further mutation.


Message History

The worm is heavily wounded.
You hit the adder.
You feel better. The adder bites you but does no damage. The worm bites you.
You hit the worm. You freeze the worm.
The worm is heavily wounded.
You hit the dart slug but do no damage. You miss the adder.
The adder bites you. The adder closely misses you.
Unknown command.
You barely miss the worm. You punch the worm.
The worm is severely wounded.
You hit the dart slug but do no damage. You closely miss the adder.
The adder barely misses you.
The dart slug bites you but does no damage.
The worm bites you.
* * * LOW HITPOINT WARNING * * *
You hit the worm.
The worm seems to speed up.
The worm is almost dead.
You hit the dart slug. You hit the adder. The adder completely misses you.
The worm barely misses you. The dart slug launches a dart at you.
The slug dart hits you but does no damage.
The adder bites you but does no damage.
You hit the worm but do no damage.
The worm is poisoned.
Your tail-slap misses the worm.
The worm is almost dead.
You hit the dart slug.
The dart slug changes into a shapeshifter!
You barely miss the adder.
The shapeshifter changes into a blink frog!
The adder closely misses you. The worm bites you.
* * * LOW HITPOINT WARNING * * *
Unknown command.
You hit the worm.
The worm is almost dead.
You miss the blink frog. You barely miss the adder.
The adder barely misses you. The worm bites you but does no damage.
The blink frog hits you!
Ouch! That really hurt!
You die...
Xom bursts into laughter!

.# ...##
########
....)##......#
....#......# .
#gS......#..
#@w.......
#.F....#.
#......###
#.........
#<......##
#.......#
######..# .#..
# #


You could see a blink frog shaped shifter, a worm (fast, very poisoned), an
adder and a hobgoblin.

Vanquished Creatures
  2 dart slugs (D:1)
  A bat (D:1)
  2 endoplasms (D:1)
  4 goblins (D:1)
  2 quokkas
  2 frilled lizards (D:1)
  2 kobolds
  3 rats (D:1)
18 creatures vanquished.

Notes
Turn   | Place    | Note
-------+----------+-------------------------------------------
     0 | D:1      | qeuew the Demonspawn Chaos Knight began the quest for the
                  | Orb.
     0 | D:1      | Reached XP level 1. HP: 18/18 MP: 1/1
    25 | D:1      | Found a faded altar of an unknown god.
    73 | D:1      | Reached skill level 1 in Dodging
   143 | D:1      | Discovered your monstrous ancestry.
   143 | D:1      | Gained mutation: You have a small tail. [demonic ancestry]
   143 | D:1      | Reached XP level 2. HP: 24/24 MP: 2/2
   489 | D:1      | Gained mutation: You are somewhat resistant to further
                  | mutation. [potion of mutation]
   573 | D:2      | a dart slug changed into a shapeshifter
   573 | D:2      | Noticed a shapeshifter (shapeshifter)
   573 | D:2      | a shapeshifter changed into a blink frog
   573 | D:2      | Noticed a blink frog (shapeshifter)
   574 | D:2      | Mangled by a blink frog (shapeshifter)

Illustrated notes

Levels and vault maps discovered:
D:1:      amcnicky_arrival_blooded_trapdoor, layout_rooms,
          basic_ecumenical_altar
D:2:      minmay_angry_zag, layout_rooms, uniq_sigmund

Skill      XL: |  1 |
---------------+----+-----
Dodging        | 1 |  1.4
Armour         | 2 |  2.1
Fighting       | |  3.2
Axes           | |  2.9

Action                   || total
-------------------------++-------
Melee: Hand axe          ||    59
       Tailslap          ||     4
       Punch             ||     1
  Use: Scroll            ||     3
       Potion            ||     3
 Stab: Sleeping          ||     1
Armor: Leather armour    ||    22
Dodge: Dodged            ||    38

Table legend: (Time is in decaauts)
 A = Elapsed time spent in this place.
 B = Non-inter-level travel time spent in this place.
 C = Inter-level travel time spent in this place.
 D = Time resting spent in this place.
 E = Time spent auto-exploring this place.
 F = Levels seen in this place.
 G = Mean time per level.
                   A        B        C        D        E       F      G
               +--------+--------+--------+--------+--------+-----+--------+
         Total |    583 |    560 |     23 |     36 |    397 |   2 |  291.5 |
       Dungeon |    583 |    560 |     23 |     36 |    397 |   2 |  291.5 |
               +--------+--------+--------+--------+--------+-----+--------+

Top non-repeatable levels by time:
     D:1: 556 daAuts
     D:2: 27 daAuts
